 Dungeon Crawl Stone Soup version 0.19-a0-1277-g7cecae3 (webtiles) character file.

14406 Deemzul the Carver (level 11, -9/89 HPs)
             Began as a Demonspawn Berserker on Aug 30, 2016.
             Was an Elder of Trog.
             Asphyxiated
             ... on level 13 of the Dungeon.
             The game lasted 00:20:00 (10818 turns).

Deemzul the Carver (Demonspawn Berserker)          Turns: 10818, Time: 00:20:00

Health: -9/89      AC: 10    Str: 18 (20) XL:     11   Next: 88%
Magic:  0/4        EV: 15    Int:  6 (8)  God:    Trog [****..]
Gold:   607        SH:  0    Dex: 13 (14) Spells: 0 memorised, 10 levels left

rFire  . . .     SeeInvis .     I - +3 scimitar (antimagic)
rCold  + . .     Gourm    .     e - +1 ring mail {rC+}
rNeg   . . .     Faith    .     (no shield)
rPois  .         Spirit   +     (helmet restricted)
rElec  .         Dismiss  .     (no cloak)
rCorr  .         Reflect  .     (gloves unavailable)
MR     .....     Harm     +     p - +1 pair of boots
Stlth  +......... Rnd*Rage +    F - amulet of harm
                                (no ring)
                                (no ring)

@: lethally poisoned (-9 -> -19), exhausted
A: claws 3, horns 2, talons 2, berserk 1, deterioration 1, magic shield, rot
immunity
a: Berserk, Trog's Hand, Brothers in Arms, Burn Spellbooks, Renounce Religion


You were on level 13 of the Dungeon.
You worshipped Trog.
Trog was greatly pleased with you.
You were not hungry.

You visited 1 branch of the dungeon, and saw 13 of its levels.

You collected 689 gold pieces.
You spent 82 gold pieces at shops.

Inventory:

Hand Weapons
 u - a +0 blowgun
 I - a +3 antimagic scimitar (weapon)
Missiles
 b - 2 curare-tipped needles
 v - 36 poisoned needles
 E - 7 exploding tomahawks (quivered)
Armour
 e - a +1 ring mail of cold resistance (worn)
 p - a +1 pair of boots (worn)
 L - a troll hide
Jewellery
 F - an amulet of harm (around neck)
Wands
 a - a wand of flame (27/48)
 g - a wand of flame (31/48)
 x - a wand of digging (15/24)
 y - a wand of flame (5/48)
 A - a wand of iceblast (12/15)
 H - a wand of lightning (8/15)
 P - a wand of lightning (4/15)
 Q - a wand of digging (10/24)
Scrolls
 d - 12 scrolls of identify
 f - 9 scrolls of teleportation
 w - 2 scrolls of recharging
 C - 2 scrolls of enchant weapon
 G - 4 scrolls of remove curse
 J - a scroll of fog
 M - 2 scrolls of fear {unknown}
Potions
 h - 3 potions of flight {unknown}
 i - a potion of beneficial mutation {unknown}
 j - 3 potions of magic {unknown}
 k - 7 potions of heal wounds
 o - a potion of agility
 q - 4 potions of curing
 t - 3 potions of lignification
 D - a potion of ambrosia
 K - 2 potions of haste
Books
 l - a book of Clouds

   Spells                             Type                      Level
   a - Mephitic Cloud                 Conjuration/Poison/Air       3
   b - Conjure Flame                  Conjuration/Fire             3
   c - Poisonous Cloud                Conjuration/Poison/Air       6
   d - Freezing Cloud                 Conjuration/Ice/Air          6
   e - Ring of Flames                 Charms/Fire                  7
   Trog disapproves of the use of such an item.
 z - a book of Party Tricks

   Spells                             Type                      Level
   a - Summon Butterflies             Summoning                    1
   b - Apportation                    Translocation                1
   c - Tukima's Dance                 Hexes                        3
   d - Alistair's Intoxication        Transmutation/Poison         5
   e - Invisibility                   Hexes                        6
   Trog disapproves of the use of such an item.
 O - a book of Spatial Translocations

   Spells                             Type                      Level
   a - Apportation                    Translocation                1
   b - Blink                          Translocation                2
   c - Shroud of Golubria             Charms/Translocation         2
   d - Portal Projectile              Translocation                3
   e - Teleport Other                 Translocation                3
   f - Passage of Golubria            Translocation                4
   Trog disapproves of the use of such an item.
Miscellaneous
 N - a phial of floods
 T - a sack of spiders
Comestibles
 c - 10 bread rations
 m - 5 meat rations
 s - a royal jelly
 B - 7 beef jerkies
 R - 11 chunks of flesh
 S - 3 slices of pizza


   Skills:
 + Level 9.1 Fighting
 * Level 11.3 Long Blades
 + Level 8.1 Armour
 + Level 8.0 Dodging
 + Level 3.8 Evocations


You had 10 spell levels left.
You didn't know any spells.

Dungeon Overview and Level Annotations

Branches:
Dungeon (13/15)            Temple (0/1) D:5            Lair (0/6) D:9
    Orc (0/2) D:9
 Vaults: D:13-14

Altars:
Cheibriados
Fedhas
Kikubaaqudgha
Makhleb
Nemelex Xobeh
Qazlal
Sif Muna
Uskayaw
Vehumet

Shops:
D:5 }   D:10 *   D:12 *   D:13 *

Annotations:
D:13 Azrael, Sonja


Innate Abilities, Weirdness & Mutations

You have claws for hands.
You have a pair of horns on your head.
You have razor-sharp toenails.
When hurt, damage is shared between your health and your magic reserves.
You are immune to rotting.
You tend to lose your temper in combat.
Your body sometimes deteriorates upon taking damage.


Message History

A hell hound comes into view.
You feel a little less mighty now.
Azrael the Boundless Flame comes into view.
He is wielding a scimitar of flaming.
Sonja shouts!
Azrael gestures at you. The bolt of fire hits you!
Ouch! That really hurt!
* * * LOW HITPOINT WARNING * * *
Your body deteriorates!
You feel dopey.
A fire elemental comes into view.
Okay, then.
Unknown command.
Okay, then.
Unknown command.
As you read the scroll of fog, it crumbles to dust.
The scroll dissolves into smoke.
Sonja shoots a curare-tipped needle.
The curare-tipped needle hits you.
You are lethally poisoned!
You have difficulty breathing.
You die...

..#......##.§..#
#....$.....E.#
#.....###.R#§#
####.#####>§.# #######
#........K###.....#
#.....###..##.###.#
#........§.##.# #.#
#####........§§##§# #.#
#...'.......h§§@§§# #.#
#.###.........§#### #.#
#.............§.#####.#
#........####.#.##....#
#........# #...##.####
#.######## ###.##.##<#
#.#.....∩# #....##.#
#...#.##.# #######.#
###.#.##.# #.......#


You could see Azrael, a fire elemental and Sonja.

Vanquished Creatures
  Erolcha (D:11)
  An unseen horror (D:12)
  3 centaur skeletons
  The ghost of krfreak the Carver, a novice FoAK of Lugonu (D:4)
  2 trolls
  A two-headed ogre (D:11)
  4 slime creatures
  2 wyverns
  A wraith (D:12)
  11 yaks
  A hungry ghost (D:7)
  2 hippogriffs
  2 fire elementals (D:13)
  A steam dragon (D:11)
  A mottled dragon (D:12)
  Duvessa (D:6)
  2 hell hounds (D:13)
  5 orc warriors
  A sky beast (D:13)
  2 wasps
  6 ice beasts
  A black bear (D:8)
  A necrophage (D:6)
  3 phantoms
  8 ogres
  4 centaurs
  2 crocodiles
  3 big kobolds
  Blork the orc (D:5)
  10 giant frogs
  Dowan (D:6)
  A scorpion (D:4)
  15 killer bees
  8 wights
  3 howler monkeys
  An electric eel (D:12)
  3 crimson imps
  2 giant frog zombies
  2 quasits
  4 hounds
  3 jellies
  4 orc priests
  11 orc wizards
  2 giant frog skeletons
  2 iguanas
  Ijyb (D:2)
  10 worker ants
  A hound skeleton (D:10)
  8 gnolls
  11 adders
  3 shadow imps
  An ooze (D:2)
  An adder zombie (D:7)
  2 worms
  3 giant geckos
  36 orcs
  9 giant cockroaches
  4 goblins
  8 hobgoblins
  5 jackals
  2 quokkas
  7 bats
  8 giant newts
  22 kobolds
  9 rats
297 creatures vanquished.

Vanquished Creatures (collateral kills)
  A centaur zombie (D:12)
  A gargoyle (D:11)
  A two-headed ogre (D:13)
  A hippogriff (D:12)
  A basilisk (D:12)
  A scorpion (D:13)
  A killer bee (D:12)
  4 wights (D:11)
  An orc wizard (D:11)
  3 orcs (D:11)
15 creatures vanquished.

Grand Total: 312 creatures vanquished

Notes
Turn   | Place    | Note
-------+----------+-------------------------------------------
     0 | D:1      | Deemzul the Demonspawn Berserker began the quest for the Orb.
     0 | D:1      | Reached XP level 1. HP: 18/18 MP: 1/1
   101 | D:1      | Gained mutation: You have a pair of small horns on your head. [demonic ancestry]
   101 | D:1      | Reached XP level 2. HP: 13/24 MP: 2/2
   384 | D:1      | Reached ** piety under Trog
   811 | D:1      | Gained mutation: You have sharp fingernails. [demonic ancestry]
   811 | D:1      | Reached XP level 3. HP: 25/29 MP: 3/3
   873 | D:2      | Noticed Ijyb
   888 | D:2      | Killed Ijyb
   888 | D:2      | Reached skill level 3 in Long Blades
   909 | D:2      | Gained mutation: When hurt, damage is shared between your health and your magic reserves. [demonic ancestry]
   909 | D:2      | Reached XP level 4. HP: 19/35 MP: 4/4
  1514 | D:3      | Gained mutation: You have a pair of horns on your head. [demonic ancestry]
  1514 | D:3      | Reached XP level 5. HP: 42/42 MP: 3/5
  1581 | D:3      | Found an ancient bone altar of Kikubaaqudgha.
  1584 | D:3      | Found a deep blue altar of Sif Muna.
  1587 | D:3      | Found a sparkling altar of Nemelex Xobeh.
  1590 | D:3      | Found a blossoming altar of Fedhas.
  2167 | D:4      | Reached *** piety under Trog
  2256 | D:4      | Noticed krfreak's ghost (novice FoAK)
  2269 | D:4      | Killed krfreak's ghost
  2269 | D:4      | Reached skill level 4 in Long Blades
  2269 | D:4      | Gained mutation: You have very sharp fingernails. [demonic ancestry]
  2269 | D:4      | Reached XP level 6. HP: 20/49 MP: 1/6
  2627 | D:5      | Entered Level 5 of the Dungeon
  2639 | D:5      | Reached XP level 7. HP: 31/55 MP: 3/7
  2906 | D:5      | Reached skill level 5 in Long Blades
  2956 | D:5      | Found a staircase to the Ecumenical Temple.
  3190 | D:5      | Noticed Blork the orc
  3221 | D:5      | Killed Blork the orc
  3418 | D:5      | Reached skill level 5 in Fighting
  3643 | D:5      | Found Ysmey's Gadget Emporium.
  3671 | D:6      | Noticed Duvessa
  3671 | D:6      | Noticed Dowan
  3785 | D:6      | Gained mutation: You have sharp toenails. [demonic ancestry]
  3785 | D:6      | Reached XP level 8. HP: 58/62 MP: 6/8
  3825 | D:6      | Killed Duvessa
  3825 | D:6      | Reached skill level 6 in Long Blades
  3888 | D:6      | Killed Dowan
  3968 | D:6      | Reached **** piety under Trog
  4207 | D:6      | Reached skill level 7 in Long Blades
  4207 | D:6      | Reached skill level 5 in Dodging
  4352 | D:6      | Reached skill level 5 in Armour
  4400 | D:6      | Gained mutation: You have razor-sharp toenails. [demonic ancestry]
  4400 | D:6      | Reached XP level 9. HP: 32/68 MP: 6/9
  5004 | D:7      | Found a hide-covered altar of Uskayaw.
  5006 | D:7      | Found a snail-covered altar of Cheibriados.
  5057 | D:7      | Reached skill level 8 in Long Blades
  5242 | D:7      | Found a radiant altar of Vehumet.
  5313 | D:7      | Received a gift from Trog
  6082 | D:9      | Gained mutation: You are immune to rotting. [demonic ancestry]
  6082 | D:9      | Reached XP level 10. HP: 57/78 MP: 4/10
  6115 | D:9      | Reached ***** piety under Trog
  6157 | D:9      | Reached skill level 9 in Long Blades
  6659 | D:9      | Found a staircase to the Orcish Mines.
  6788 | D:9      | Found a stormy altar of Qazlal.
  6912 | D:9      | Found a staircase to the Lair.
  7117 | D:10     | Entered Level 10 of the Dungeon
  7248 | D:10     | Found Muvue's Island Escapes.
  7589 | D:10     | Reached skill level 10 in Long Blades
  8043 | D:11     | Noticed Erolcha
  8144 | D:11     | Received a gift from Trog
  8144 | D:11     | Reached skill level 1 in Evocations
  8249 | D:11     | Noticed a gargoyle
  8257 | D:11     | Killed a gargoyle
  8257 | D:11     | Gained mutation: You have claws for hands. [demonic ancestry]
  8257 | D:11     | Reached XP level 11. HP: 45/85 MP: 1/11
  8415 | D:11     | Killed Erolcha
  9199 | D:12     | Found Adosopha's Assorted Antiques.
  9202 | D:12     | Bought a fizzy white potion for 22 gold pieces
  9754 | D:12     | Killed an unseen horror
 10153 | D:13     | Noticed Sonja
 10180 | D:13     | Reached skill level 11 in Long Blades
 10241 | D:13     | Noticed a wizard
 10586 | D:13     | Found Kewarghat's General Store.
 10594 | D:13     | Bought a potion of heal wounds for 60 gold pieces
 10606 | D:13     | Found a burning altar of Makhleb.
 10764 | D:13     | Gained mutation: Your body sometimes deteriorates upon taking damage. [mutagenic meat]
 10767 | D:13     | Gained mutation: You tend to lose your temper in combat. [mutagenic meat]
 10817 | D:13     | Noticed Azrael
 10817 | D:13     | HP: 2/89 [Azrael/bolt of fire (48)]
 10818 | D:13     | Asphyxiated

Vault maps used:
D:1:      onia_arrival_pentagram, grunt_decor_mini_mirrors
D:2:      first_bread, uniq_iyjb
D:3:      kennysheep_six_static_rooms, grunt_temple_overflow_cloverleaf,
          eino_tiny_chamber
D:4:      kennysheep_generic_room_11
D:5:      serial_shops, kennysheep_little_box, hex_large, uniq_blork_the_orc
D:6:      uniq_duvessa
D:7:      minitemple, old_standard_altar, grunt_ogre_cave
D:9:      lemuel_doored_altar, dpeg_oklobed_lair,
          kennysheep_orc_monster_closet_entryway
D:10:     nicolae_island_escapes
D:11:     uniq_erolcha
D:12:     serial_shops, kennysheep_mini_moat, nrook_pool_corridor
D:13:     david_vaults_1, serial_shops, shop, nicolae_trove_entry_free_sample,
          basic_altar, uniq_sonja, uniq_azrael

Skill      XL: |  1  2  3  4  5  6  7  8  9 10 11 |
---------------+----------------------------------+-----
Armour         | 2 3 4 5 6 7 8 |  8.1
Dodging        | 2 3 4 5 6 7 8 |  8.0
Long Blades    | 3 4 5 7 8 10 11 | 11.3
Fighting       | 4 5 6 7 8 9 |  9.1
Evocations     | 1 3 |  3.8

Action                   |  1- 3 |  4- 6 |  7- 9 | 10-12 || total
-------------------------+-------+-------+-------+-------++-------
Melee: Falchion          |   111 |   126 |   172 |       ||   409
       Headbutt          |     9 |    25 |   114 |   104 ||   252
       Long sword        |       |       |   291 |   239 ||   530
       Scimitar          |       |       |       |   252 ||   252
Invok: Berserk           |     2 |     2 |     5 |     9 ||    18
       Trog's Hand       |       |       |     4 |     2 ||     6
       Brothers in Arms  |       |       |       |     5 ||     5
  Use: Scroll            |       |       |    13 |     2 ||    15
       Potion            |       |       |       |     6 ||     6
 Stab: Sleeping          |     1 |       |       |       ||     1
       Distracted        |       |       |     1 |       ||     1
  Eat: Chunk             |     2 |     7 |    17 |    32 ||    58
       Beef jerky        |       |       |     1 |       ||     1
Armor: Animal skin       |     8 |       |       |       ||     8
       Ring mail         |     9 |    41 |   106 |   108 ||   264
       Skin              |       |       |       |     8 ||     8
Dodge: Dodged            |    44 |    59 |   278 |   309 ||   690
